cohdb
Replays
Latest Replays
All Replays
Popular Replays
Top Player Replays
Match Explorer
How It Works
Community
CoH3 Stats
Reddit
Sign in to upload your games and track your stats! →
Sign in with Steam
Match 40503828
Unlisted
Match 40503828
Overview
Messages
Build Orders
End
Kradschützen Motorcycle Team
250 Light Carrier
Selects Panzerjäger Kommand Battlegroup
Selects Mine Fields
Panzergrenadier Squad
Construct Light Support Kompanie
Assault Grenadier Squad
MG34 Team
Panzerjäger Mechanized Group
Construct Mechanized Kompanie
Support Armor Elements
Selects Defensive Positions
StuG III D Assault Gun
StuG III D Assault Gun
Selects Tank Busters
Vehicle Survival Package
Veteran Squad Leaders
Marder III Tank Destroyer
Marder III Tank Destroyer
Mintjack
denny870522
♥ ~Lady Rytsu~ ♥
PAX AJAX
0
0
Comments
sign in to comment!
No comments posted yet!